Canucks vs Sabres

Created - 21 février 2016 at 19:29

Goals
1 2 3 T
Canucks 2 1 2 5
Sabres 0 1 1 2
Shots
1 2 3 T
Canucks 15 8 8 31
Sabres 6 13 14 33

1st period

1. Canucks , Ryane Clowe 15 (Kyle Cumiskey, Nikolai Zherdev) at 4:23
2. Canucks , Alex Tanguay 13 (Anton Babchuk, Tomas Plekanec) at 16:21

Penalties :
No Penalty

2nd period

3. Sabres , Niclas Bergfors 28 (Derick Brassard, Ryan Hollweg) at 12:11
4. Canucks , Vitali Yachmenev 6 (Matt Stajan, Maxim Lapierre) at 14:27

Penalties :
Ole-Kristian Tollefsen (Buf) for Hooking (Minor) at 1:08, Alex Tanguay (Van) for Hooking (Minor) at 5:38, Alex Tanguay (Van) for Hooking (Minor) at 19:17

3rd period

5. Canucks , Maxim Lapierre 8 (Ryane Clowe, Nikolai Zherdev) at 2:27
6. Canucks , Clarke MacArthur 15 (Matt Stajan, Maxim Afinogenov) at 8:14 (PP)
7. Sabres , Sam Gagner 10 (Steve Downie, Johnny Boychuk) at 12:41

Penalties :
Clarke MacArthur (Van) for Roughing (Minor) at 2:46, Sam Gagner (Buf) for Goalie Interference (Minor) at 6:58, Maxim Lapierre (Van) for Tripping (Minor) at 10:15, Mike Fisher (Buf) for Holding (Minor) at 15:48

Goalie Stats

Carey Price (Van), 31 saves from 33 shots - (0,939), W, 24-16-1, 60:00 minutes
Michal Neuvirth (Buf), 26 saves from 31 shots - (0,839), L, 25-19-3, 60:00 minutes

Players Stats for Canucks

Player Name              G  A  P  +/- PIM S  H  SB GA TA FO     MP     PP MP  PK MP  
------------------------------------------------------------------------------------
Alex Goligoski           0  0  0  -1  0   0  0  1  1  0  0/0    27:16   3:17   4:46 
Alex Tanguay             1  0  1   1  4   7  2  0  1  0  0/1    17:14   2:13   0:25 
Anton Babchuk            0  1  1   2  0   1  0  1  0  0  0/0    13:33   0:00   0:16 
Ben Lovejoy              0  0  0  -1  0   0  1  0  0  0  0/0    27:14   3:17   4:44 
Brad Richardson          0  0  0   0  0   0  0  0  0  0  0/0     1:08   0:09   0:00 
Clarke MacArthur         1  0  1   0  2   4  4  0  0  0  0/0    18:16   2:57   1:56 
Daniel Paille            0  0  0   0  0   0  0  0  0  0  0/0     5:46   0:00   0:04 
Doug Janik               0  0  0   2  0   0  1  1  0  0  0/0    13:31   0:00   0:14 
Jaromir Jagr             0  0  0   1  0   0  3  0  1  0  0/2    18:33   2:13   1:55 
Kyle Cumiskey            0  1  1   1  0   2  3  4  0  0  0/0    19:13   1:57   2:56 
Matt Stajan              0  2  2  -1  0   6  1  0  1  0  13/34  26:01   2:53   4:43 
Maxim Afinogenov         0  1  1  -1  0   2  2  0  1  0  1/1    21:27   2:57   4:43 
Maxim Lapierre           1  1  2   1  2   4  4  0  0  0  2/5    13:40   0:04   0:09 
Nikolai Zherdev          0  2  2   2  0   0  1  0  0  0  1/1    12:53   0:03   0:00 
Ryane Clowe              1  1  2   2  0   2  2  0  1  1  1/1    14:51   0:00   1:57 
Sami Lepisto             0  0  0   1  0   1  2  3  0  2  0/0    19:13   1:57   2:56 
Tomas Plekanec           0  1  1   1  0   0  3  0  0  1  3/10   16:38   2:13   0:00 
Vitali Yachmenev         1  0  1   0  0   2  0  0  0  0  0/0     5:33   0:00   0:00 

Players Stats for Sabres

Player Name              G  A  P  +/- PIM S  H  SB GA TA FO     MP     PP MP  PK MP  
------------------------------------------------------------------------------------
Antoine Roussel          0  0  0  -1  0   2  0  0  0  1  2/2    16:36   3:41   0:00 
Daniel Cleary            0  0  0  -1  0   1  0  0  0  2  0/0    12:10   0:00   1:21 
Derick Brassard          0  1  1   1  0   4  1  0  0  0  19/28  19:33   4:15   0:10 
Greg Campbell            0  0  0  -1  0   0  2  0  0  0  3/10   13:45   0:00   3:12 
Jay McKee                0  0  0   1  0   2  1  0  0  1  0/0    20:06   2:37   2:34 
Johnny Boychuk           0  1  1   1  0   1  1  1  0  0  0/0    20:13   2:37   2:24 
Jonas Hoglund            0  0  0  -1  0   1  2  0  0  0  0/0     8:01   0:00   0:00 
Joni Pitkanen            0  0  0  -2  0   5  2  1  0  0  0/0    26:40   5:19   2:50 
Michael Kostka           0  0  0  -1  0   0  0  0  0  0  0/0    14:22   0:00   1:15 
Michael Rupp             0  0  0  -1  0   0  0  0  2  0  0/0     8:48   0:00   0:47 
Mike Fisher              0  0  0  -1  2   1  1  0  0  1  3/3     8:59   0:00   0:43 
Mike Leclerc             0  0  0  -1  0   2  2  0  0  0  0/0    13:39   0:00   3:06 
Niclas Bergfors          1  0  1   1  0   4  1  0  1  0  0/1    19:20   4:15   0:00 
Ole-Kristian Tollefsen   0  0  0  -2  2   2  0  0  0  0  0/0    25:44   5:19   1:25 
Ryan Hollweg             0  1  1   1  0   2  1  0  0  0  1/1    19:20   4:15   0:00 
Sam Gagner               1  0  1  -1  2   3  1  0  0  0  4/8    17:44   3:41   1:09 
Steve Downie             0  1  1  -1  0   2  2  0  0  1  2/2    16:36   3:41   0:00 
Tyler Sloan              0  0  0  -1  0   1  0  0  1  0  0/0    13:07   0:00   0:00 

3 Stars

1 - Ryane Clowe (Van)
2 - Maxim Lapierre (Van)
3 - Nikolai Zherdev (Van)

Power Play

Canucks - 1 on 3 Attempt(s) - 33,33%
Sabres - 0 on 4 Attempt(s) - 0,00%

Penalty Kill

Canucks - 4 on 4 Attempt(s) - 100,00% - Score 0 goal in Penalty Kill
Sabres - 2 on 3 Attempt(s) - 66,67% - Score 0 goal in Penalty Kill

Team Stat

Canucks - Hits : 29 - Faceoff Wins : 21 - Blocked Shots : 10 - Penalty Minutes : 8
Sabres - Hits : 17 - Faceoff Wins : 34 - Blocked Shots : 2 - Penalty Minutes : 6

Official

Referees : Walkom Stephen and Martell Rob
Linesman : Tony Sericolo and Brian Mach

Game Notes

6:19 of 1st period - Canucks goal is going for a video replay. After video review, No Goal. The goalkeeper has been pushed into the net together with the puck after making a save.

Finance

Level 1 -- Attendance: 5525 (92,08%) -- Ticket Income 475 150 $
Level 2 -- Attendance: 3861 (77,22%) -- Ticket Income 204 633 $
Level 3 -- Attendance: 1606 (80,30%) -- Ticket Income 52 998 $
Level 4 -- Attendance: 3185 (79,63%) -- Ticket Income 73 255 $
Luxury Box -- Attendance: 762 (76,20%) -- Ticket Income 129 540 $
Game was played at the Duff Garden.
Total Attendance: 14939 (82,99%)
Total Ticket Income: 935 576 $
Other Income: 140 336 $
Total Income: 1 075 912 $

Canucks

5 vs 5 Forward 
   Center                   Left Wing                Right Wing               Time % Phy DF OF 
 1 Matt Stajan              Clarke MacArthur         Maxim Afinogenov         40     1   2  2  
 2 Tomas Plekanec           Alex Tanguay             Jaromir Jagr             30     1   2  2  
 3 Maxim Lapierre           Ryane Clowe              Nikolai Zherdev          20     1   2  2  
 4 Matt Stajan              Daniel Paille            Vitali Yachmenev         10     1   2  2  

5 vs 5 Defense 
   Defense                  Defense                                           Time % Phy DF OF 
 1 Alex Goligoski           Ben Lovejoy                                       40     1   2  2  
 2 Sami Lepisto             Kyle Cumiskey                                     30     1   2  2  
 3 Doug Janik               Anton Babchuk                                     20     1   2  2  
 4 Alex Goligoski           Ben Lovejoy                                       10     1   2  2  

PowerPlay Forward 
   Center                   Left Wing                Right Wing               Time % Phy DF OF 
 1 Matt Stajan              Clarke MacArthur         Maxim Afinogenov         60     1   2  2  
 2 Tomas Plekanec           Alex Tanguay             Jaromir Jagr             40     1   2  2  

PowerPlay Defense
   Defense                  Defense                                           Time % Phy DF OF 
 1 Alex Goligoski           Ben Lovejoy                                       60     1   2  2  
 2 Sami Lepisto             Kyle Cumiskey                                     40     1   2  2  

Penalty Kill 4 Players Forward 
   Center                   Wing                     Time % Phy DF OF 
 1 Matt Stajan              Maxim Afinogenov         60     1   2  2  
 2 Jaromir Jagr             Clarke MacArthur         40     1   2  2  

Penalty Kill 4 Players Defense
   Defense                  Defense                  Time % Phy DF OF 
 1 Alex Goligoski           Ben Lovejoy              60     1   2  2  
 2 Sami Lepisto             Kyle Cumiskey            40     1   2  2  

Penalty Kill - 3 Players Forward 
   Forward                                           Time % Phy DF OF 
 1 Matt Stajan                                       60     1   2  2  
 2 Maxim Afinogenov                                  40     1   2  2  

Penalty Kill - 3 Players Defense
   Defense                  Defense                  Time % Phy DF OF 
 1 Alex Goligoski           Ben Lovejoy              60     1   2  2  
 2 Sami Lepisto             Kyle Cumiskey            40     1   2  2  

4 vs 4 Forward 
   Center                   Wing                     Time % Phy DF OF 
 1 Matt Stajan              Maxim Afinogenov         60     1   2  2  
 2 Jaromir Jagr             Clarke MacArthur         40     1   2  2  

4 vs 4 Defense
   Defense                  Defense                  Time % Phy DF OF 
 1 Alex Goligoski           Ben Lovejoy              60     1   2  2  
 2 Sami Lepisto             Kyle Cumiskey            40     1   2  2  

Last Minutes Offensive
   Center                   Left Wing                Right Wing               Defense                  Defense                  
   Matt Stajan              Clarke MacArthur         Maxim Afinogenov         Alex Goligoski           Ben Lovejoy              

Last Minutes Defensive
   Center                   Left Wing                Right Wing               Defense                  Defense                  
   Matt Stajan              Clarke MacArthur         Maxim Afinogenov         Alex Goligoski           Ben Lovejoy              

Goaltenders
Starting : Carey Price              
Backup : Chad Johnson             

Extra Forwards
Normal : Brad Richardson, Maxim Lapierre, Ryane Clowe - PP : Brad Richardson, Maxim Lapierre - PK : Ryane Clowe
Extra Defensemen
Normal : Doug Janik, Anton Babchuk, Sami Lepisto - PP : Doug Janik - PK : Anton Babchuk, Sami Lepisto
Penalty Shots
Matt Stajan, Maxim Afinogenov, Jaromir Jagr, Clarke MacArthur, Tomas Plekanec

Sabres

5 vs 5 Forward 
   Center                   Left Wing                Right Wing               Time % Phy DF OF 
 1 Derick Brassard          Ryan Hollweg             Niclas Bergfors          40     1   2  2  
 2 Sam Gagner               Antoine Roussel          Steve Downie             30     1   2  2  
 3 Greg Campbell            Mike Leclerc             Daniel Cleary            20     1   2  2  
 4 Mike Fisher              Michael Rupp             Jonas Hoglund            10     1   2  2  

5 vs 5 Defense 
   Defense                  Defense                                           Time % Phy DF OF 
 1 Joni Pitkanen            Ole-Kristian Tollefsen                            40     1   2  2  
 2 Johnny Boychuk           Jay McKee                                         30     1   2  2  
 3 Tyler Sloan              Michael Kostka                                    20     1   2  2  
 4 Joni Pitkanen            Ole-Kristian Tollefsen                            10     1   2  2  

PowerPlay Forward 
   Center                   Left Wing                Right Wing               Time % Phy DF OF 
 1 Derick Brassard          Ryan Hollweg             Niclas Bergfors          60     1   2  2  
 2 Sam Gagner               Antoine Roussel          Steve Downie             40     1   2  2  

PowerPlay Defense
   Defense                  Defense                                           Time % Phy DF OF 
 1 Joni Pitkanen            Ole-Kristian Tollefsen                            60     1   2  2  
 2 Johnny Boychuk           Jay McKee                                         40     1   2  2  

Penalty Kill 4 Players Forward 
   Center                   Wing                     Time % Phy DF OF 
 1 Greg Campbell            Mike Leclerc             60     1   2  2  
 2 Mike Fisher              Daniel Cleary            40     1   2  2  

Penalty Kill 4 Players Defense
   Defense                  Defense                  Time % Phy DF OF 
 1 Joni Pitkanen            Ole-Kristian Tollefsen   60     1   2  2  
 2 Johnny Boychuk           Jay McKee                40     1   2  2  

Penalty Kill - 3 Players Forward 
   Forward                                           Time % Phy DF OF 
 1 Mike Leclerc                                      60     1   2  2  
 2 Daniel Cleary                                     40     1   2  2  

Penalty Kill - 3 Players Defense
   Defense                  Defense                  Time % Phy DF OF 
 1 Joni Pitkanen            Ole-Kristian Tollefsen   60     1   2  2  
 2 Johnny Boychuk           Jay McKee                40     1   2  2  

4 vs 4 Forward 
   Center                   Wing                     Time % Phy DF OF 
 1 Derick Brassard          Niclas Bergfors          60     1   2  2  
 2 Steve Downie             Antoine Roussel          40     1   2  2  

4 vs 4 Defense
   Defense                  Defense                  Time % Phy DF OF 
 1 Joni Pitkanen            Ole-Kristian Tollefsen   60     1   2  2  
 2 Johnny Boychuk           Jay McKee                40     1   2  2  

Last Minutes Offensive
   Center                   Left Wing                Right Wing               Defense                  Defense                  
   Derick Brassard          Ryan Hollweg             Niclas Bergfors          Joni Pitkanen            Ole-Kristian Tollefsen   

Last Minutes Defensive
   Center                   Left Wing                Right Wing               Defense                  Defense                  
   Greg Campbell            Antoine Roussel          Steve Downie             Joni Pitkanen            Ole-Kristian Tollefsen   

Goaltenders
Starting : Michal Neuvirth          
Backup : Jonas Hiller             

Extra Forwards
Normal : Michael Rupp, Daniel Cleary, Mike Leclerc - PP : Michael Rupp, Daniel Cleary - PK : Mike Leclerc
Extra Defensemen
Normal : Tyler Sloan, Michael Kostka, Johnny Boychuk - PP : Tyler Sloan - PK : Michael Kostka, Johnny Boychuk
Penalty Shots
Derick Brassard, Niclas Bergfors, Steve Downie, Jonas Hoglund, Ryan Hollweg

% Time on Ice - Canucks

Lines # - Real PCT - Wanted PCT - Time Play
Normal Forward
1 - 30% - 40% - 14:02
2 - 31% - 30% - 14:25
3 - 27% - 20% - 12:50
4 - 12% - 10% - 5:33
Normal Defense
1 - 38% - 40% - 17:55
2 - 31% - 30% - 14:20
3 - 28% - 20% - 13:14
4 - 3% - 10% - 1:21
PP Forward
1 - 58% - 60% - 3:01
2 - 42% - 40% - 2:13
PP Defense
1 - 63% - 60% - 3:17
2 - 37% - 40% - 1:57
PK Forward
1 - 76% - 60% - 6:01
2 - 24% - 40% - 1:55
PK Defense
1 - 63% - 60% - 5:00
2 - 37% - 40% - 2:56
PK3 Forward
1 - 0% - 60%
2 - 0% - 40%
PK3 Defense
1 - 0% - 60%
2 - 0% - 40%
44 Forward
1 - 0% - 60%
2 - 0% - 40%
44 Defense
1 - 0% - 60%
2 - 0% - 40%
Last Minute Offensive  - 0:00
Last Minute Defensive  - 0:00
Total
Forward - 60:00
Defense - 60:00

% Time on Ice - Sabres

Lines # - Real PCT - Wanted PCT - Time Play
Normal Forward
1 - 32% - 40% - 15:05
2 - 28% - 30% - 13:11
3 - 23% - 20% - 10:33
4 - 17% - 10% - 8:01
Normal Defense
1 - 37% - 40% - 17:09
2 - 31% - 30% - 14:42
3 - 28% - 20% - 13:07
4 - 4% - 10% - 1:52
PP Forward
1 - 54% - 60% - 4:15
2 - 46% - 40% - 3:41
PP Defense
1 - 67% - 60% - 5:19
2 - 33% - 40% - 2:37
PK Forward
1 - 74% - 60% - 3:53
2 - 26% - 40% - 1:21
PK Defense
1 - 54% - 60% - 2:50
2 - 46% - 40% - 2:24
PK3 Forward
1 - 0% - 60%
2 - 0% - 40%
PK3 Defense
1 - 0% - 60%
2 - 0% - 40%
44 Forward
1 - 0% - 60%
2 - 0% - 40%
44 Defense
1 - 0% - 60%
2 - 0% - 40%
Last Minute Offensive  - 0:00
Last Minute Defensive  - 0:00
Total
Forward - 60:00
Defense - 60:00

Play by Play

1st period


0:01 of 1st period - Derick Brassard wins face-off versus Matt Stajan in neutral zone.
0:37 of 1st period - Wrist shot by Steve Downie.
0:37 of 1st period - Stopped by Carey Price without a rebound.
0:38 of 1st period - Maxim Lapierre wins face-off versus Greg Campbell in Canucks zone.
1:07 of 1st period - Snap shot by Vitali Yachmenev.
1:07 of 1st period - Stopped by Michal Neuvirth with a rebound.
1:09 of 1st period - Snap shot by Anton Babchuk.
1:09 of 1st period - Shot Misses the Net.
2:14 of 1st period - Maxim Afinogenov is hit by Joni Pitkanen and loses puck.
2:27 of 1st period - Slapshot by Alex Tanguay.
2:27 of 1st period - Stopped by Michal Neuvirth with a rebound.
2:45 of 1st period - Icing by Ole-Kristian Tollefsen.
2:46 of 1st period - Antoine Roussel wins face-off versus Maxim Lapierre in Sabres zone.
3:11 of 1st period - Derick Brassard is hit by Clarke MacArthur and loses puck.
3:32 of 1st period - Wrist shot by Alex Tanguay.
3:32 of 1st period - Stopped by Michal Neuvirth with a rebound.
3:34 of 1st period - Backhand shot by Alex Tanguay.
3:34 of 1st period - Shot Blocked by Johnny Boychuk.
3:36 of 1st period - Snap shot by Alex Tanguay.
3:36 of 1st period - Shot Misses the Net.
4:17 of 1st period - Slapshot by Nikolai Zherdev.
4:17 of 1st period - Shot Misses the Net.
4:19 of 1st period - Slapshot by Kyle Cumiskey.
4:19 of 1st period - Stopped by Michal Neuvirth with a rebound.
4:21 of 1st period - Snap shot by Kyle Cumiskey.
4:21 of 1st period - Shot Hit the Post.
4:23 of 1st period - Snap shot by Ryane Clowe.
4:23 of 1st period - Goal by Ryane Clowe - Canucks : 1 - Sabres : 0.
4:24 of 1st period - Derick Brassard wins face-off versus Matt Stajan in neutral zone.
4:49 of 1st period - Alex Goligoski is hit by Sam Gagner.
4:59 of 1st period - Slapshot by Tomas Plekanec.
4:59 of 1st period - Shot Blocked by Joni Pitkanen.
5:13 of 1st period - Anton Babchuk is hit by Mike Leclerc and loses puck.
5:40 of 1st period - Slapshot by Matt Stajan.
5:40 of 1st period - Stopped by Michal Neuvirth without a rebound.
5:41 of 1st period - Matt Stajan wins face-off versus Derick Brassard in Sabres zone.
6:06 of 1st period - Joni Pitkanen is hit by Ryane Clowe and loses puck.
6:15 of 1st period - Snap shot by Ryane Clowe.
6:15 of 1st period - Shot Misses the Net.
6:17 of 1st period - Wrist shot by Maxim Lapierre.
6:17 of 1st period - Stopped by Michal Neuvirth with a rebound.
6:19 of 1st period - Snap shot by Ryane Clowe.
6:19 of 1st period - Canucks goal is going for a video replay.
6:19 of 1st period - The goal is refused. The goalkeeper has been pushed into the net together with the puck after making a save..
6:20 of 1st period - Matt Stajan wins face-off versus Sam Gagner in Sabres zone.
6:21 of 1st period - Slapshot by Maxim Afinogenov.
6:21 of 1st period - Stopped by Michal Neuvirth with a rebound.
6:50 of 1st period - Slapshot by Tomas Plekanec.
6:50 of 1st period - Deflect By Tyler Sloan.
6:50 of 1st period - Shot Misses the Net.
6:50 of 1st period - Puck is out of play.
6:51 of 1st period - Derick Brassard wins face-off versus Tomas Plekanec in Sabres zone.
7:23 of 1st period - Wrist shot by Clarke MacArthur.
7:23 of 1st period - Stopped by Michal Neuvirth without a rebound.
7:24 of 1st period - Derick Brassard wins face-off versus Matt Stajan in Sabres zone.
7:58 of 1st period - Wrist shot by Steve Downie.
7:58 of 1st period - Shot Misses the Net.
8:10 of 1st period - Slapshot by Antoine Roussel.
8:10 of 1st period - Stopped by Carey Price with a rebound.
8:12 of 1st period - Snap shot by Daniel Cleary.
8:12 of 1st period - Shot Blocked by Doug Janik.
8:14 of 1st period - Snap shot by Daniel Cleary.
8:14 of 1st period - Shot Misses the Net.
8:26 of 1st period - Jay McKee is hit by Maxim Lapierre.
8:27 of 1st period - Icing by Jay McKee.
8:28 of 1st period - Matt Stajan wins face-off versus Greg Campbell in Sabres zone.
8:42 of 1st period - Off-side.
8:43 of 1st period - Derick Brassard wins face-off versus Alex Tanguay in neutral zone.
9:08 of 1st period - Joni Pitkanen is hit by Clarke MacArthur.
10:16 of 1st period - Snap shot by Niclas Bergfors.
10:16 of 1st period - Shot Blocked by Sami Lepisto.
10:32 of 1st period - Slapshot by Maxim Lapierre.
10:32 of 1st period - Stopped by Michal Neuvirth with a rebound.
10:34 of 1st period - Snap shot by Maxim Lapierre.
10:34 of 1st period - Stopped by Michal Neuvirth with a rebound.
10:59 of 1st period - Tyler Sloan is hit by Matt Stajan and loses puck.
11:49 of 1st period - Icing by Kyle Cumiskey.
11:50 of 1st period - Mike Fisher wins face-off versus Maxim Lapierre in Canucks zone.
11:51 of 1st period - Wrist shot by Michael Rupp.
11:51 of 1st period - Deflect By Mike Fisher.
11:51 of 1st period - Shot Misses the Net.
11:51 of 1st period - Puck is out of play.
11:52 of 1st period - Mike Fisher wins face-off versus Matt Stajan in Canucks zone.
12:44 of 1st period - Ole-Kristian Tollefsen is hit by Kyle Cumiskey and loses puck.
13:01 of 1st period - Slapshot by Joni Pitkanen.
13:01 of 1st period - Deflect By Matt Stajan.
13:01 of 1st period - Stopped by Carey Price with a rebound.
13:40 of 1st period - Maxim Afinogenov is hit by Jonas Hoglund and loses puck.
13:45 of 1st period - Snap shot by Michael Rupp.
13:45 of 1st period - Deflect By Jonas Hoglund.
13:45 of 1st period - Shot Misses the Net.
13:45 of 1st period - Puck is out of play.
13:46 of 1st period - Maxim Lapierre wins face-off versus Sam Gagner in Canucks zone.
13:59 of 1st period - Maxim Lapierre is hit by Joni Pitkanen.
14:11 of 1st period - Niclas Bergfors is hit by Jaromir Jagr.
14:17 of 1st period - Johnny Boychuk is hit by Alex Tanguay and loses puck.
14:32 of 1st period - Wrist shot by Ryan Hollweg.
14:32 of 1st period - Stopped by Carey Price with a rebound.
14:34 of 1st period - Snap shot by Daniel Cleary.
14:34 of 1st period - Shot Blocked by Kyle Cumiskey.
14:36 of 1st period - Snap shot by Jay McKee.
14:36 of 1st period - Shot Blocked by Kyle Cumiskey.
15:22 of 1st period - Wrist shot by Sam Gagner.
15:22 of 1st period - Stopped by Carey Price without a rebound.
15:23 of 1st period - Matt Stajan wins face-off versus Derick Brassard in Canucks zone.
15:50 of 1st period - Steve Downie is hit by Ben Lovejoy and loses puck.
16:15 of 1st period - Slapshot by Alex Tanguay.
16:15 of 1st period - Stopped by Michal Neuvirth with a rebound.
16:17 of 1st period - Slapshot by Anton Babchuk.
16:17 of 1st period - Shot Misses the Net.
16:19 of 1st period - Snap shot by Anton Babchuk.
16:19 of 1st period - Stopped by Michal Neuvirth with a rebound.
16:21 of 1st period - Slapshot by Alex Tanguay.
16:21 of 1st period - Goal by Alex Tanguay - Canucks : 2 - Sabres : 0.
16:22 of 1st period - Derick Brassard wins face-off versus Matt Stajan in neutral zone.
17:03 of 1st period - Nikolai Zherdev is hit by Johnny Boychuk and loses puck.
17:12 of 1st period - Wrist shot by Ryan Hollweg.
17:12 of 1st period - Stopped by Carey Price without a rebound.
17:13 of 1st period - Matt Stajan wins face-off versus Sam Gagner in Canucks zone.
17:40 of 1st period - Ole-Kristian Tollefsen is hit by Tomas Plekanec and loses puck.
17:47 of 1st period - Wrist shot by Tomas Plekanec.
17:47 of 1st period - Shot Misses the Net.
18:49 of 1st period - Tomas Plekanec is hit by Jonas Hoglund and loses puck.
19:00 of 1st period - Tyler Sloan is hit by Tomas Plekanec and loses puck.
Goals for this period are 2 for Canucks vs 0 for Sabres.
Shots for this period are 15 for Canucks vs 6 for Sabres.

2nd period


0:01 of 2nd period - Derick Brassard wins face-off versus Matt Stajan in neutral zone.
0:03 of 2nd period - Off-side.
0:04 of 2nd period - Matt Stajan wins face-off versus Derick Brassard in neutral zone.
0:17 of 2nd period - Maxim Afinogenov is hit by Derick Brassard and loses puck.
0:42 of 2nd period - Slapshot by Jaromir Jagr.
0:42 of 2nd period - Deflect By Tomas Plekanec.
0:42 of 2nd period - Shot Hit the Post.
0:42 of 2nd period - Puck is out of play.
0:43 of 2nd period - Tomas Plekanec wins face-off versus Greg Campbell in Sabres zone.
0:53 of 2nd period - Off-side.
0:54 of 2nd period - Derick Brassard wins face-off versus Matt Stajan in neutral zone.
1:03 of 2nd period - Slapshot by Ben Lovejoy.
1:03 of 2nd period - Deflect By Matt Stajan.
1:03 of 2nd period - Stopped by Michal Neuvirth without a rebound.
1:04 of 2nd period - Matt Stajan wins face-off versus Derick Brassard in Sabres zone.
1:08 of 2nd period - Minor Penalty to Ole-Kristian Tollefsen for Hooking.
1:09 of 2nd period - Matt Stajan wins face-off versus Greg Campbell in Sabres zone.
1:18 of 2nd period - Icing by Maxim Afinogenov.
1:19 of 2nd period - Matt Stajan wins face-off versus Greg Campbell in Canucks zone.
1:24 of 2nd period - Mike Leclerc is hit by Clarke MacArthur and loses puck.
1:37 of 2nd period - Wrist shot by Maxim Afinogenov.
1:37 of 2nd period - Stopped by Michal Neuvirth without a rebound.
1:38 of 2nd period - Tomas Plekanec wins face-off versus Greg Campbell in Sabres zone.
3:08 of 2nd period - Penalty to Ole-Kristian Tollefsen is over, Ole-Kristian Tollefsen is back on ice.
3:12 of 2nd period - Wrist shot by Daniel Cleary.
3:12 of 2nd period - Shot Misses the Net.
4:26 of 2nd period - Ben Lovejoy is hit by Greg Campbell and loses puck.
4:49 of 2nd period - Off-side.
4:50 of 2nd period - Sam Gagner wins face-off versus Matt Stajan in neutral zone.
5:03 of 2nd period - Snap shot by Steve Downie.
5:03 of 2nd period - Shot Blocked by Kyle Cumiskey.
5:05 of 2nd period - Snap shot by Ole-Kristian Tollefsen.
5:05 of 2nd period - Shot Blocked by Sami Lepisto.
5:24 of 2nd period - Tyler Sloan is hit by Sami Lepisto and loses puck.
5:38 of 2nd period - Minor Penalty to Alex Tanguay for Hooking.
5:39 of 2nd period - Derick Brassard wins face-off versus Matt Stajan in Canucks zone.
5:49 of 2nd period - Wrist shot by Ryan Hollweg.
5:49 of 2nd period - Deflect By Derick Brassard.
5:49 of 2nd period - Stopped by Carey Price without a rebound.
5:50 of 2nd period - Matt Stajan wins face-off versus Derick Brassard in Canucks zone.
5:55 of 2nd period - Wrist shot by Derick Brassard.
5:55 of 2nd period - Shot Misses the Net.
5:57 of 2nd period - Slapshot by Joni Pitkanen.
5:57 of 2nd period - Deflect By Maxim Afinogenov.
5:57 of 2nd period - Stopped by Carey Price with a rebound.
6:21 of 2nd period - Steve Downie is hit by Maxim Afinogenov and loses puck.
6:56 of 2nd period - Sami Lepisto is hit by Jay McKee and loses puck.
7:38 of 2nd period - Penalty to Alex Tanguay is over, Alex Tanguay is back on ice.
7:39 of 2nd period - Derick Brassard is hit by Maxim Lapierre and loses puck.
8:18 of 2nd period - Jonas Hoglund is hit by Doug Janik and loses puck.
8:31 of 2nd period - Matt Stajan is hit by Mike Leclerc and loses puck.
8:50 of 2nd period - Joni Pitkanen is hit by Maxim Lapierre and loses puck.
10:27 of 2nd period - Wrist shot by Jay McKee.
10:27 of 2nd period - Stopped by Carey Price with a rebound.
10:29 of 2nd period - Wrist shot by Daniel Cleary.
10:29 of 2nd period - Stopped by Carey Price with a rebound.
10:31 of 2nd period - Wrist shot by Mike Leclerc.
10:31 of 2nd period - Stopped by Carey Price without a rebound.
10:32 of 2nd period - Nikolai Zherdev wins face-off versus Greg Campbell in Canucks zone.
11:02 of 2nd period - Anton Babchuk is hit by Niclas Bergfors and loses puck.
11:07 of 2nd period - Slapshot by Niclas Bergfors.
11:07 of 2nd period - Stopped by Carey Price with a rebound.
11:09 of 2nd period - Wrist shot by Niclas Bergfors.
11:09 of 2nd period - Shot Blocked by Anton Babchuk.
11:19 of 2nd period - Tyler Sloan is hit by Alex Tanguay.
11:25 of 2nd period - Slapshot by Sam Gagner.
11:25 of 2nd period - Shot Misses the Net.
11:27 of 2nd period - Snap shot by Antoine Roussel.
11:27 of 2nd period - Shot Misses the Net.
11:29 of 2nd period - Snap shot by Antoine Roussel.
11:29 of 2nd period - Stopped by Carey Price with a rebound.
11:51 of 2nd period - Snap shot by Nikolai Zherdev.
11:51 of 2nd period - Shot Misses the Net.
12:11 of 2nd period - Wrist shot by Niclas Bergfors.
12:11 of 2nd period - Goal by Niclas Bergfors - Canucks : 2 - Sabres : 1.
12:12 of 2nd period - Derick Brassard wins face-off versus Matt Stajan in neutral zone.
13:23 of 2nd period - Wrist shot by Niclas Bergfors.
13:23 of 2nd period - Shot Misses the Net.
13:25 of 2nd period - Snap shot by Jay McKee.
13:25 of 2nd period - Stopped by Carey Price without a rebound.
13:26 of 2nd period - Derick Brassard wins face-off versus Matt Stajan in Canucks zone.
13:29 of 2nd period - Slapshot by Ryan Hollweg.
13:29 of 2nd period - Shot Misses the Net.
13:31 of 2nd period - Slapshot by Joni Pitkanen.
13:31 of 2nd period - Stopped by Carey Price with a rebound.
13:33 of 2nd period - Slapshot by Ole-Kristian Tollefsen.
13:33 of 2nd period - Stopped by Carey Price without a rebound.
13:34 of 2nd period - Matt Stajan wins face-off versus Derick Brassard in Canucks zone.
14:23 of 2nd period - Wrist shot by Matt Stajan.
14:23 of 2nd period - Stopped by Michal Neuvirth with a rebound.
14:25 of 2nd period - Wrist shot by Matt Stajan.
14:25 of 2nd period - Stopped by Michal Neuvirth with a rebound.
14:27 of 2nd period - Slapshot by Vitali Yachmenev.
14:27 of 2nd period - Goal by Vitali Yachmenev - Canucks : 3 - Sabres : 1.
14:28 of 2nd period - Matt Stajan wins face-off versus Derick Brassard in neutral zone.
14:37 of 2nd period - Niclas Bergfors is hit by Clarke MacArthur and loses puck.
15:08 of 2nd period - Wrist shot by Clarke MacArthur.
15:08 of 2nd period - Stopped by Michal Neuvirth with a rebound.
15:10 of 2nd period - Snap shot by Maxim Afinogenov.
15:10 of 2nd period - Deflect By Matt Stajan.
15:10 of 2nd period - Shot Misses the Net.
15:10 of 2nd period - Puck is out of play.
15:11 of 2nd period - Derick Brassard wins face-off versus Tomas Plekanec in Sabres zone.
15:18 of 2nd period - Wrist shot by Alex Tanguay.
15:18 of 2nd period - Stopped by Michal Neuvirth with a rebound.
15:20 of 2nd period - Snap shot by Alex Tanguay.
15:20 of 2nd period - Shot Misses the Net.
15:22 of 2nd period - Wrist shot by Jaromir Jagr.
15:22 of 2nd period - Shot Misses the Net.
15:36 of 2nd period - Kyle Cumiskey is hit by Steve Downie and loses puck.
17:02 of 2nd period - Kyle Cumiskey is hit by Greg Campbell and loses puck.
17:15 of 2nd period - Wrist shot by Matt Stajan.
17:15 of 2nd period - Stopped by Michal Neuvirth without a rebound.
17:16 of 2nd period - Antoine Roussel wins face-off versus Tomas Plekanec in Sabres zone.
17:38 of 2nd period - Icing by Joni Pitkanen.
17:39 of 2nd period - Sam Gagner wins face-off versus Maxim Lapierre in Sabres zone.
18:04 of 2nd period - Greg Campbell is hit by Tomas Plekanec and loses puck.
18:26 of 2nd period - Matt Stajan is hit by Mike Fisher and loses puck.
18:33 of 2nd period - Johnny Boychuk is hit by Maxim Afinogenov and loses puck.
18:44 of 2nd period - Nikolai Zherdev is hit by Steve Downie and loses puck.
18:53 of 2nd period - Slapshot by Antoine Roussel.
18:53 of 2nd period - Shot Misses the Net.
18:55 of 2nd period - Slapshot by Johnny Boychuk.
18:55 of 2nd period - Stopped by Carey Price without a rebound.
18:56 of 2nd period - Derick Brassard wins face-off versus Tomas Plekanec in Canucks zone.
18:57 of 2nd period - Slapshot by Niclas Bergfors.
18:57 of 2nd period - Deflect By Derick Brassard.
18:57 of 2nd period - Stopped by Carey Price with a rebound.
19:17 of 2nd period - Minor Penalty to Alex Tanguay for Hooking.
19:18 of 2nd period - Derick Brassard wins face-off versus Matt Stajan in Canucks zone.
Goals for this period are 1 for Canucks vs 1 for Sabres.
Shots for this period are 8 for Canucks vs 13 for Sabres.

3rd period


0:01 of 3rd period - Maxim Afinogenov wins face-off versus Derick Brassard in neutral zone.
1:17 of 3rd period - Penalty to Alex Tanguay is over, Alex Tanguay is back on ice.
2:03 of 3rd period - Jonas Hoglund is hit by Maxim Lapierre.
2:27 of 3rd period - Slapshot by Maxim Lapierre.
2:27 of 3rd period - Goal by Maxim Lapierre - Canucks : 4 - Sabres : 1.
2:28 of 3rd period - Derick Brassard wins face-off versus Matt Stajan in neutral zone.
2:46 of 3rd period - Minor Penalty to Clarke MacArthur for Roughing.
2:47 of 3rd period - Matt Stajan wins face-off versus Derick Brassard in Canucks zone.
2:52 of 3rd period - Icing by Derick Brassard.
2:53 of 3rd period - Ryan Hollweg wins face-off versus Matt Stajan in Sabres zone.
3:56 of 3rd period - Slapshot by Joni Pitkanen.
3:56 of 3rd period - Shot Blocked by Kyle Cumiskey.
4:08 of 3rd period - Slapshot by Antoine Roussel.
4:08 of 3rd period - Deflect By Sam Gagner.
4:08 of 3rd period - Stopped by Carey Price with a rebound.
4:10 of 3rd period - Wrist shot by Joni Pitkanen.
4:10 of 3rd period - Shot Blocked by Sami Lepisto.
4:12 of 3rd period - Slapshot by Joni Pitkanen.
4:12 of 3rd period - Deflect By Antoine Roussel.
4:12 of 3rd period - Shot Misses the Net.
4:12 of 3rd period - Puck is out of play.
4:13 of 3rd period - Derick Brassard wins face-off versus Jaromir Jagr in Canucks zone.
4:14 of 3rd period - Slapshot by Niclas Bergfors.
4:14 of 3rd period - Stopped by Carey Price without a rebound.
4:15 of 3rd period - Derick Brassard wins face-off versus Jaromir Jagr in Canucks zone.
4:46 of 3rd period - Penalty to Clarke MacArthur is over, Clarke MacArthur is back on ice.
6:22 of 3rd period - Greg Campbell is hit by Kyle Cumiskey.
6:58 of 3rd period - Minor Penalty to Sam Gagner for Goalie Interference.
6:59 of 3rd period - Greg Campbell wins face-off versus Matt Stajan in Sabres zone.
7:14 of 3rd period - Wrist shot by Mike Leclerc.
7:14 of 3rd period - Stopped by Carey Price with a rebound.
7:32 of 3rd period - Icing by Jaromir Jagr.
7:33 of 3rd period - Greg Campbell wins face-off versus Tomas Plekanec in Canucks zone.
8:12 of 3rd period - Slapshot by Matt Stajan.
8:12 of 3rd period - Stopped by Michal Neuvirth with a rebound.
8:14 of 3rd period - Snap shot by Clarke MacArthur.
8:14 of 3rd period - Goal by Clarke MacArthur - Canucks : 5 - Sabres : 1.
8:15 of 3rd period - Derick Brassard wins face-off versus Matt Stajan in neutral zone.
9:56 of 3rd period - Snap shot by Alex Tanguay.
9:56 of 3rd period - Shot Misses the Net.
10:15 of 3rd period - Minor Penalty to Maxim Lapierre for Tripping.
10:16 of 3rd period - Derick Brassard wins face-off versus Matt Stajan in Canucks zone.
10:29 of 3rd period - Slapshot by Kyle Cumiskey.
10:29 of 3rd period - Stopped by Michal Neuvirth with a rebound.
10:31 of 3rd period - Snap shot by Sami Lepisto.
10:31 of 3rd period - Stopped by Michal Neuvirth with a rebound.
11:45 of 3rd period - Sam Gagner is hit by Jaromir Jagr.
12:01 of 3rd period - Backhand shot by Alex Tanguay.
12:01 of 3rd period - Stopped by Michal Neuvirth without a rebound.
12:02 of 3rd period - Ryane Clowe wins face-off versus Sam Gagner in Sabres zone.
12:03 of 3rd period - Snap shot by Alex Tanguay.
12:03 of 3rd period - Stopped by Michal Neuvirth without a rebound.
12:04 of 3rd period - Steve Downie wins face-off versus Matt Stajan in Sabres zone.
12:15 of 3rd period - Penalty to Maxim Lapierre is over, Maxim Lapierre is back on ice.
12:41 of 3rd period - Snap shot by Sam Gagner.
12:41 of 3rd period - Goal by Sam Gagner - Canucks : 5 - Sabres : 2.
12:42 of 3rd period - Tomas Plekanec wins face-off versus Niclas Bergfors in neutral zone.
12:56 of 3rd period - Backhand shot by Ole-Kristian Tollefsen.
12:56 of 3rd period - Stopped by Carey Price with a rebound.
12:58 of 3rd period - Slapshot by Joni Pitkanen.
12:58 of 3rd period - Stopped by Carey Price without a rebound.
12:59 of 3rd period - Sam Gagner wins face-off versus Matt Stajan in Canucks zone.
13:06 of 3rd period - Snap shot by Steve Downie.
13:06 of 3rd period - Stopped by Carey Price with a rebound.
13:32 of 3rd period - Joni Pitkanen is hit by Jaromir Jagr.
13:48 of 3rd period - Slapshot by Derick Brassard.
13:48 of 3rd period - Stopped by Carey Price with a rebound.
14:09 of 3rd period - Michael Rupp is hit by Sami Lepisto and loses puck.
14:18 of 3rd period - Snap shot by Jonas Hoglund.
14:18 of 3rd period - Stopped by Carey Price with a rebound.
14:20 of 3rd period - Slapshot by Joni Pitkanen.
14:20 of 3rd period - Stopped by Carey Price with a rebound.
14:22 of 3rd period - Snap shot by Mike Fisher.
14:22 of 3rd period - Stopped by Carey Price with a rebound.
15:07 of 3rd period - Tyler Sloan is hit by Ryane Clowe and loses puck.
15:48 of 3rd period - Minor Penalty to Mike Fisher for Holding.
15:49 of 3rd period - Greg Campbell wins face-off versus Matt Stajan in Sabres zone.
16:02 of 3rd period - Wrist shot by Clarke MacArthur.
16:02 of 3rd period - Stopped by Michal Neuvirth with a rebound.
17:48 of 3rd period - Penalty to Mike Fisher is over, Mike Fisher is back on ice.
18:11 of 3rd period - Off-side.
18:12 of 3rd period - Mike Fisher wins face-off versus Matt Stajan in neutral zone.
18:21 of 3rd period - Wrist shot by Jonas Hoglund.
18:21 of 3rd period - Shot Misses the Net.
18:37 of 3rd period - Niclas Bergfors is hit by Nikolai Zherdev and loses puck.
18:48 of 3rd period - Derick Brassard is hit by Kyle Cumiskey and loses puck.
18:55 of 3rd period - Ryane Clowe is hit by Ryan Hollweg and loses puck.
19:08 of 3rd period - Wrist shot by Derick Brassard.
19:08 of 3rd period - Stopped by Carey Price with a rebound.
19:10 of 3rd period - Slapshot by Tyler Sloan.
19:10 of 3rd period - Stopped by Carey Price with a rebound.
19:12 of 3rd period - Slapshot by Michael Kostka.
19:12 of 3rd period - Deflect By Niclas Bergfors.
19:12 of 3rd period - Stopped by Carey Price without a rebound.
19:13 of 3rd period - Steve Downie wins face-off versus Tomas Plekanec in Canucks zone.
19:14 of 3rd period - Snap shot by Antoine Roussel.
19:14 of 3rd period - Deflect By Sam Gagner.
19:14 of 3rd period - Shot Blocked by Alex Goligoski.
19:14 of 3rd period - Puck is out of play.
19:15 of 3rd period - Sam Gagner wins face-off versus Tomas Plekanec in Canucks zone.
Goals for this period are 2 for Canucks vs 1 for Sabres.
Shots for this period are 8 for Canucks vs 14 for Sabres.